cohdb
Replays
Latest Replays
All Replays
Popular Replays
Top Player Replays
Match Explorer
How It Works
Community
CoH3 Stats
Reddit
Sign in to upload your games and track your stats! →
Sign in with Steam
Match 39078293
Unlisted
Match 39078293
Overview
Messages
Build Orders
End
Vickers Machine Gun Team
Construct Section Command Post
Infantry Section
ML 3-inch Mortar Team
Infantry Section
Infantry Section
Construct Platoon Command Post
Selects Air and Sea Battlegroup
Selects Commando Section Paradrop
Selects M1 Pack Howitzer Paradrop
Commando Section Paradrop
Construct Company Command Post
Crusader II Medium Tank
Construct Field Infirmary
Unlock Bishop Self-propelled Artillery
Selects Incendiary Bombing Run
Incendiary Bombing Run
TavernelloIndustries®
HERMANATOR
Brettet
UH|ck
UH|XTC
insane
0
0
Comments
sign in to comment!
No comments posted yet!